 Dungeon Crawl Stone Soup version 0.29.1-15-g9cfb28693d (webtiles) character file.

Game seed: 13373488606219588445

1459 javelincjr the Magician (level 8, -2/61 HPs)
             Began as a Demonspawn Hedge Wizard on Apr 19, 2023.
             Was a Follower of Sif Muna.
             Slain by Maggie
             ... wielding a +0 vorpal glaive
              (3 damage)
             ... on level 6 of the Dungeon.
             The game lasted 00:21:53 (7137 turns).

javelincjr the Magician (Demonspawn Hedge Wizard)   Turns: 7137, Time: 00:21:54

Health: -2/61      AC:  8    Str: 13    XL:     8   Next: 48%
Magic:  0/25       EV: 13    Int: 15    God:    Sif Muna [*.....]
Gold:   252        SH:  0    Dex: 13    Spells: 12/17 levels left

rFire   . . .      SeeInvis .   t - +3 hand axe (vamp)
rCold   . . .      Faith    .   (no shield)
rNeg    . . .      Spirit   +   b - +0 robe
rPois   .          Reflect  .   c - +1 hat
rElec   .          Harm     .   (no cloak)
rCorr   .          Rampage  .   n - +0 pair of gloves
Will    .....                   (no boots)
Stlth   ++........              (no amulet)
HPRegen 0.20/turn               p - +4 ring of protection
MPRegen 0.38/turn               s - ring of magical power

@: mesmerised
A: spiny 1, magic shield, magic regeneration, weakness stinger 1
a: Renounce Religion, Channel Magic


You were on level 6 of the Dungeon.
You worshipped Sif Muna.
Sif Muna was aware of your devotion.
You visited 2 branches of the dungeon, and saw 7 of its levels.

You collected 252 gold pieces.

Inventory:

Hand Weapons
 a - a +0 dagger
 t - a +3 vampiric hand axe (weapon)
Armour
 b - a +0 robe (worn)
 c - a +1 hat (worn)
 n - a +0 pair of gloves (worn)
Jewellery
 p - a +4 ring of protection (left hand)
 s - a ring of magical power (right hand)
 x - a ring of resist corrosion
Wands
 g - a wand of roots (7)
 q - a wand of paralysis (9)
 v - a wand of polymorph (14)
Scrolls
 i - 3 scrolls of teleportation
 l - 2 scrolls of blinking
 m - a scroll of summoning
 r - a scroll of magic mapping
 w - 4 scrolls of identify
Potions
 d - a potion of magic
 e - 4 potions of curing
 f - a potion of invisibility
 h - a potion of attraction {unknown}
 j - a potion of haste {unknown}
 k - a potion of mutation {unknown}
 o - a potion of lignification {unknown}
 u - 2 potions of flight {unknown}
 z - a potion of degeneration {unknown}


   Skills:
 * Level 4.3 Fighting
 + Level 3.7 Dodging
 + Level 3.9 Stealth
 * Level 5.3 Spellcasting
 + Level 3.5 Conjurations
 + Level 3.6 Summonings
 + Level 3.2 Translocations
 + Level 0.0 Invocations


You had 12 spell levels left.
You knew the following spells:

 Your Spells              Type           Power      Damage    Failure   Level
a - Magic Dart            Conj           56%        1d5       3%          1
b - Call Imp              Summ           14%        N/A       5%          2
c - Blink                 Tloc           26%        N/A       6%          2

Your spell library contained the following spells:

 Spells                   Type           Power      Damage    Failure   Level
 Freeze                   Ice            16%        1d4       16%         1
 Slow                     Hex            16%        N/A       16%         1
 Sting                    Tmut/Pois      16%        1d3       16%         1
 Conjure Flame            Conj/Fire      9%         6-21      22%         3
 Poisonous Vapours        Pois/Air       8%         N/A       24%         2
 Wereblood                Tmut           4%         N/A       24%         2
 Mephitic Cloud           Conj/Pois/Air  7%         N/A       28%         3
 Frozen Ramparts          Ice            8%         1d2       43%         3
 Ozocubu's Armour         Ice            4%         N/A       43%         3
 Hailstorm                Conj/Ice       9%         3d4       58%         4
 Olgreb's Toxic Radiance  Pois           4%         N/A       83%         4
 Freezing Cloud           Conj/Ice/Air   3%         6-21      95%         5
 Blade Hands              Tmut           2%         N/A       99%         5
 Metabolic Englaciation   Hex/Ice        2%         N/A       99%         5
 Simulacrum               Ice/Necr       2%         N/A       100%        6
 Dragon Form              Tmut           2%         N/A       100%        7
 Polar Vortex             Ice            2%         N/A       100%        9


Dungeon Overview and Level Annotations

Branches:
Dungeon (6/15)             Temple (1/1) D:4

Altars:
Ashenzari
Cheibriados
Dithmenos
Gozag
Makhleb
Qazlal
Ru
Sif Muna
Trog
Uskayaw
Wu Jian
Xom
Yredelemnul

Annotations:
D:6 Maggie


Innate Abilities, Weirdness & Mutations

You are partially covered in sharp spines.
When hurt, damage is shared between your health and your magic reserves.
You regenerate magic rapidly.
You have a small tail.


Message History

Your crimson imp blinks!
Maggie is struck by your spines.
Maggie hits you with a +0 vorpal glaive!
You closely miss Maggie.
Maggie is moderately wounded.
Maggie is struck by your spines. Maggie barely misses you.
Your crimson imp hits Maggie but does no damage.
Maggie is struck by your spines. Maggie barely misses you.
You hit Maggie but do no damage.
Maggie is heavily wounded.
Your crimson imp blinks!
Maggie is struck by your spines. Maggie closely misses you.
You hit Maggie. Your punch misses Maggie.
Maggie is heavily wounded.
Maggie hits you with a +0 vorpal glaive.
You hit Maggie.
Maggie is severely wounded.
Maggie closely misses you.
Your crimson imp hits Maggie but does no damage.
Maggie points at you and mumbles some strange words.
The bolt of fire hits you!
* * * LOW HITPOINT WARNING * * *
You hit Maggie but do no damage.
Maggie is severely wounded.
Maggie is no longer unusually resistant.
Your crimson imp hits Maggie.
Maggie closely misses your crimson imp.
You strike the helpless Maggie from behind!
You hit Maggie but do no damage.
Maggie is severely wounded.
Your crimson imp hits Maggie.
Maggie hits your crimson imp with a +0 vorpal glaive!
Your crimson imp dies!
Your crimson imp disappears in a puff of smoke!
Maggie shouts!
You hit Maggie.
You feel better.
Maggie is severely wounded.
Maggie is struck by your spines. Maggie completely misses you.
Maggie hits you with a +0 vorpal glaive!
* * * LOW HITPOINT WARNING * * *
You die...

#.#####
#.######
#......#
#......#
#......#
#.#+#+##
#...#.##
##.....###.+
#@ยง.......#
#@....#####
#####.....#
.@##.....#
#.##.....#
#.##.#####
## #....# #.
###### ## ##


You could see Maggie (mesmerising).

Vanquished Creatures
  A black bear (D:5)
  An ogre (D:5)
  A necrophage (D:5)
  3 scorpions
  A hound (D:5)
  An orc priest (D:5)
  2 iguanas
  7 orc wizards
  2 gnolls (D:5)
  4 adders
  3 dart slugs
  8 orcs
  2 ball pythons
  8 endoplasms
  6 giant cockroaches
  8 goblins
  5 hobgoblins
  2 jackals (D:1)
  4 quokkas
  4 bats
  3 frilled lizards (D:2)
  5 kobolds
  4 rats
85 creatures vanquished.

Vanquished Creatures (collateral kills)
  Eustachio (D:6)
  A water moccasin (D:5)
  An ogre (D:5)
  A scorpion (D:6)
  An orc priest (D:4)
  A jelly (D:5)
  A gnoll bouda (D:5)
  2 orc wizards
  6 gnolls (D:5)
  A white imp (D:5)
  2 worms
  7 orcs
  A hobgoblin (D:4)
26 creatures vanquished.

Grand Total: 111 creatures vanquished

Notes
Turn   | Place    | Note
-------+----------+-------------------------------------------
     0 | D:1      | javelincjr the Demonspawn Hedge Wizard began the quest for
                  | the Orb.
     0 | D:1      | Reached XP level 1. HP: 13/13 MP: 4/4
     1 | D:1      | Noticed a merfolk zombie
    15 | D:1      | Noticed a minotaur zombie
    84 | D:1      | Got the Almanac of Variation
   324 | D:1      | Reached skill level 1 in Translocations
   584 | D:1      | Gained mutation: You regenerate magic rapidly. [demonic
                  | ancestry]
   584 | D:1      | Reached XP level 2. HP: 19/19 MP: 3/6
  1564 | D:2      | Gained mutation: You are partially covered in sharp spines.
                  | [demonic ancestry]
  1564 | D:2      | Reached XP level 3. HP: 24/24 MP: 2/7
  1702 | D:2      | Learned a level 2 spell: Call Imp
  2250 | D:2      | Found a faded altar of an unknown god.
  2832 | D:3      | Reached XP level 4. HP: 30/30 MP: 4/8
  2927 | D:3      | Found a basalt altar of Yredelemnul.
  3814 | D:4      | Reached skill level 1 in Fighting
  3814 | D:4      | Gained mutation: You have a small tail. [demonic ancestry]
  3814 | D:4      | Reached XP level 5. HP: 23/37 MP: 10/10
  3825 | D:4      | Found a staircase to the Ecumenical Temple.
  3848 | Temple   | Entered the Ecumenical Temple
  3986 | Temple   | Became a worshipper of Sif Muna the Loreminder
  4848 | D:4      | Reached XP level 6. HP: 44/44 MP: 11/11
  4889 | D:5      | Entered Level 5 of the Dungeon
  4913 | D:5      | Reached skill level 4 in Spellcasting
  5361 | D:5      | Reached XP level 7. HP: 26/51 MP: 13/13
  5514 | D:5      | Found a shimmering altar of Xom.
  5651 | D:5      | Reached * piety under Sif Muna
  5681 | D:5      | HP: 1/52 [gnoll bouda/+0 whip (4)]
  6335 | D:5      | Gained mutation: When hurt, damage is shared between your
                  | health and your magic reserves. [demonic ancestry]
  6335 | D:5      | Reached XP level 8. HP: 51/60 MP: 15/15
  6437 | D:5      | Reached skill level 5 in Spellcasting
  6740 | D:6      | Noticed Eustachio
  6746 | D:5      | Learned a level 2 spell: Blink
  6751 | D:6      | Killed Eustachio
  6947 | D:6      | Found a sacrificial altar of Ru.
  7094 | D:6      | Noticed Maggie
  7137 | D:6      | HP: 1/61 [Maggie/+0 vorpal glaive (10)]
  7137 | D:6      | Slain by Maggie

Illustrated notes

Levels and vault maps discovered:
D:1:      shiori_arrival_whats_in_store_for_you, layout_basic
D:2:      layout_basic, shapermc_ecumenical_altar_notcrosses,
          minmay_tetromino_i2
D:3:      layout_loops_ring, mainiacjoe_overflow_catwalk,
          chequers_serial_rivers_marsh, kennysheep_big_empty_room,
          hangedman_decor_diamond_cutter
D:4:      layout_loops_ring, temple_statues, kennysheep_generic_room_15
D:5:      layout_basic, general_overflow_altar
D:6:      layout_basic, mainiacjoe_overflow_brackets, zin_scriptorium,
          minmay_misc_feat_tower, uniq_eustachio, uniq_duvessa, uniq_maggie
Temple:   nicolae_temple_ecumenical_triangle

Skill      XL: |  1  2  3  4  5  6  7  8 |
---------------+-------------------------+-----
Translocations | 1 2 3 |  3.2
Stealth        | 2 3 |  3.9
Dodging        | 2 3 |  3.7
Summonings     | 2 3 |  3.6
Fighting       | 1 2 3 4 |  4.3
Conjurations   | 2 3 |  3.5
Spellcasting   | 4 5 |  5.3

Action                   |  1- 3 |  4- 6 |  7- 9 || total
-------------------------+-------+-------+-------++-------
Melee: Dagger            |    37 |       |       ||    37
       Hand axe          |       |    23 |    33 ||    56
       Tailslap          |       |     3 |     3 ||     6
 Cast: Magic Dart        |   115 |    55 |    54 ||   224
       Call Imp          |     3 |    15 |    29 ||    47
  Use: Scroll            |       |     9 |       ||     9
       Potion            |       |     1 |     1 ||     2
 Stab: Sleeping          |       |     1 |     1 ||     2
       Distracted        |       |       |     2 ||     2
Armor: Robe              |    12 |    19 |    12 ||    43
Dodge: Dodged            |    31 |    18 |    34 ||    83
